 Dungeon Sprint DCSS version 0.31-a0-596-g831eee08f1 (webtiles) character file.

Game seed: 15052240969146573528

654 sircluck the Cleaver (level 7, -2/75 HPs)
             Began as a Hill Orc Monk on Aug 20, 2023.
             Was a Believer of Okawaru.
             Slain by Sonja
             ... wielding a +0 short sword of distortion
              (3 damage)
             ... in the Dungeon (Sprint I: "Red Sonja").
             The game lasted 00:03:49 (605 turns).

sircluck the Cleaver (Hill Orc Monk)                 Turns: 605, Time: 00:03:50

Health: -2/75      AC:  8    Str: 16    XL:     7   Next: 54%
Magic:  7/7        EV:  9    Int: 10    God:    Okawaru [**....]
Gold:   405        SH:  0    Dex: 13    Spells: 6/6 levels left

rFire   . . .        a - +0 hand axe
rCold   . . .        d - orb {light}
rNeg    . . .        m - +0 chain mail
rPois   .            (no helmet)
rElec   .            (no cloak)
rCorr   .            (no gloves)
SInv    .            (no boots)
Will    .....        (no amulet) Stlth
                     (no ring)
HPRegen 0.32/turn    (no ring)
MPRegen 0.10/turn

%: no teleportation
@: glowing
A: no striking features
a: Renounce Religion, Heroism


You were in the Dungeon.
You worshipped Okawaru.
Okawaru was pleased with you.
You visited 1 branch You collected 405 gold pieces.

Inventory:

Hand Weapons
 a - a +0 hand axe (weapon)
Armour
 b - a +0 robe
 d - an orb of light (worn)
 k - a +0 leather armour
 m - a +0 chain mail (worn)
Wands
 i - a wand of polymorph (6)
Scrolls
 j - a scroll of blinking
 l - a scroll of fog {unknown}
Potions
 c - a potion of ambrosia
 e - a potion of curing
 f - a potion of heal wounds
 g - a potion of haste
 h - 2 potions of magic


   Skills:
 + Level 11.6 Fighting
 + Level 12.5 Axes
 + Level 8.1 Dodging


You had 6 spell levels left.
You didn't know any spells.
Your spell library was empty.

Dungeon Overview and Level Annotations

Branches:
Dungeon (1/1)

Altars:
Cheibriados
Dithmenos
Elyvilon
Fedhas
Gozag
Hepliaklqana
Kikubaaqudgha
Makhleb
Nemelex Xobeh
Okawaru
Qazlal
Ru
Sif Muna
Trog
Uskayaw
Vehumet
Wu Jian
Xom
Yredelemnul
Zin
The Shining One
Jiyva
Lugonu

Shops:
D (

Annotations:
D Sonja


Message History

You kneel at the altar of Okawaru.
Okawaru welcomes you!
You can now gain great but temporary skills.
There is an entrance to Uheuc's Antique Weapon Emporium here.
There is an open door, spattered with blood here.
You see here a yak corpse.
There is a radiant altar of Vehumet here.
You open the door.
Sonja, the Graceful Assassin comes into view.
She is wielding a +0 short sword of distortion and quivering curare-tipped darts.
Sonja shouts!
Found 108 gold pieces.
Unknown command.
Sonja hits you with a +0 short sword of distortion.
Sonja closely misses you. Sonja barely misses you.
There is an open door here.
You closely miss Sonja.
Sonja hits you with a +0 short sword of distortion!
Sonja barely misses you. Sonja hits you but does no damage.
You hit Sonja.
Sonja is lightly wounded.
Sonja hits you but does no damage. Sonja barely misses you.
Sonja hits you but does no damage. Space warps horribly around you!!
You slash Sonja!
Sonja is heavily wounded.
Sonja barely misses you.
Sonja hits you with a +0 short sword of distortion.
Space warps horribly around you! Sonja barely misses you.
You hit Sonja.
Sonja is severely wounded.
Sonja says, "Someone hired me to kill you, but I'm not supposed to say who."
Sonja closely misses you. Sonja misses you. Sonja barely misses you.
You barely miss Sonja.
Sonja is severely wounded.
Sonja hits you but does no damage. Space warps around you.
Sonja hits you with a +0 short sword of distortion.
* * * LOW HITPOINT WARNING * * *
Space warps horribly around you!
* * * LOW HITPOINT WARNING * * *
Sonja hits you with a +0 short sword of distortion.
You die...

#<.#..)..#..'..#__#..+
#..)†.#..').#..'..'..#
#..#####'#####'#__####
#..####..#...#)####
#..#__####..##.#
#..#_____##'#_.+
#⌠⌠#_.∩...†..._#
####_..__##_.#'#
#_____###@#.# #######
#K### $.$ #$.$# ##.##
#+#


You could see Sonja.

Vanquished Creatures
  A slime creature (D)
  Sigmund (D)
  A yak (D)
  A golden eye (D)
  A jelly (D)
  Ijyb (D)
6 creatures vanquished.

Notes
Turn   | Place    | Note
-------+----------+-------------------------------------------
     0 | D        | sircluck the Hill Orc Monk began the quest for the Orb.
     0 | D        | Reached XP level 1. HP: 19/19 MP: 1/1
     8 | D        | Noticed Ijyb
    15 | D        | Killed Ijyb
    16 | D        | Reached skill level 5 in Fighting
    16 | D        | Reached skill level 5 in Axes
    16 | D        | Reached XP level 2. HP: 29/29 MP: 2/2
    16 | D        | Reached XP level 3. HP: 36/36 MP: 3/3
    55 | D        | Noticed an ogre
    59 | D        | an ogre changed into a golden eye
    59 | D        | Noticed a golden eye
    93 | D        | Killed a golden eye
    94 | D        | Reached skill level 8 in Axes
    94 | D        | Reached skill level 5 in Dodging
    94 | D        | Reached XP level 4. HP: 41/48 MP: 4/4
    94 | D        | Reached XP level 5. HP: 45/53 MP: 5/5
   122 | D        | Noticed Sigmund
   138 | D        | Killed Sigmund
   139 | D        | Reached skill level 10 in Axes
   139 | D        | Reached XP level 6. HP: 42/66 MP: 6/6
   153 | D        | Found a burning altar of Makhleb.
   153 | D        | Found a viscous altar of Jiyva.
   153 | D        | Found a shimmering altar of Xom.
   153 | D        | Found a corrupted altar of Lugonu.
   153 | D        | Noticed a slime creature
   155 | D        | Found an ornate altar of the Wu Jian Council.
   155 | D        | Found a shimmering blue altar of Sif Muna.
   218 | D        | Found a radiant altar of Vehumet.
   225 | D        | Reached skill level 10 in Fighting
   373 | D        | Killed a slime creature
   374 | D        | Reached skill level 11 in Axes
   374 | D        | Reached XP level 7. HP: 21/74 MP: 7/7
   537 | D        | Found Uheuc's Antique Weapon Emporium.
   537 | D        | Found an ancient bone altar of Kikubaaqudgha.
   537 | D        | Found a hazy altar of Hepliaklqana.
   537 | D        | Found a stormy altar of Qazlal.
   537 | D        | Found a hide-covered altar of Uskayaw.
   537 | D        | Found a blossoming altar of Fedhas.
   537 | D        | Found a bloodstained altar of Trog.
   537 | D        | Found an iron altar of Okawaru.
   537 | D        | Found a basalt altar of Yredelemnul.
   537 | D        | Found a glowing golden altar of the Shining One.
   537 | D        | Found a snail-covered altar of Cheibriados.
   537 | D        | Found a sacrificial altar of Ru.
   537 | D        | Found a glowing silver altar of Zin.
   537 | D        | Found a shadowy altar of Dithmenos.
   537 | D        | Found a white marble altar of Elyvilon.
   537 | D        | Noticed a yak
   548 | D        | Killed a yak
   549 | D        | Reached skill level 12 in Axes
   549 | D        | Found an opulent altar of Gozag.
   550 | D        | Found a sparkling altar of Nemelex Xobeh.
   591 | D        | Became a worshipper of Warmaster Okawaru
   591 | D        | Reached * piety under Okawaru
   591 | D        | Reached ** piety under Okawaru
   599 | D        | Noticed Sonja
   605 | D        | HP: 1/75 [Sonja/+0 short sword of distortion (17)]
   605 | D        | Slain by Sonja

Illustrated notes

Levels and vault maps discovered:
D:        dungeon_sprint_1 [red_sonja_temple_1, red_sonja_temple_small_1]

Skill      XL: |  1  2  3  4  5  6  7 |
---------------+----------------------+-----
Fighting       | 5 8 9 11 | 11.6
Axes           | 5 8 10 11 12 | 12.5
Dodging        | 3 5 6 7 8 |  8.1

Action                     |  1- 3 |  4- 6 |  7- 9 || total
---------------------------+-------+-------+-------++-------
  Melee: Hand axe          |    19 |    33 |    16 ||    68
  Evoke: Wand              |     1 |       |       ||     1
    Use: Potion            |     1 |       |       ||     1
 Armour: Chain mail        |       |     5 |     5 ||    10
         Leather armour    |       |     1 |       ||     1
  Dodge: Dodged            |     2 |     7 |    12 ||    21

Table legend: (Time is in decaauts)
 A = Elapsed time spent in this place.
 B = Non-inter-level travel time spent in this place.
 C = Inter-level travel time spent in this place.
 D = Time resting spent in this place.
 E = Time spent auto-exploring this place.
 F = Levels seen in this place.
 G = Mean time per level.
                   A        B        C        D        E       F      G
               +--------+--------+--------+--------+--------+-----+--------+
         Total |    602 |    585 |     17 |    302 |      0 |   1 |  602.0 |
       Dungeon |    602 |    585 |     17 |    302 |      0 |   1 |  602.0 |
               +--------+--------+--------+--------+--------+-----+--------+

Top non-repeatable levels by time:
       D: 602 daAuts
